 Dungeon Crawl Stone Soup version 0.31-a0-196-g86fe4a5e66 (webtiles) character file.

Game seed: 4432419533393478261

95 qw the Shooter (level 4, -4/25 HPs)
             Began as a Deep Elf Hunter on June 24, 2023.
             Slain by an orc
             ... wielding a +0 trident
              (7 damage)
             ... on level 3 of the Dungeon.
             The game lasted 00:00:44 (1433 turns).

qw the Shooter (Deep Elf Hunter)                    Turns: 1433, Time: 00:00:45

Health: -4/25      AC:  5    Str: 10    XL:     4   Next: 39%
Magic:  6/6        EV: 11    Int: 14    God:
Gold:   143        SH:  0    Dex: 18    Spells: 3/3 levels left

rFire   . . .        Y - +0 shortbow
rCold   . . .        (shield currently unavailable)
rNeg    . . .        e - +0 ring mail
rPois   .            (no helmet)
rElec   .            (no cloak)
rCorr   .            (no gloves)
SInv    .            (no boots)
Will    .....        (no amulet)
Stlth   +            (no ring)
HPRegen 0.24/turn    (no ring)
MPRegen 0.10/turn

%: no passive effects
@: about to teleport
A: no striking features
a: no special abilities


You were on level 3 of the Dungeon.
You visited 1 branch of the dungeon, and saw 3 of its levels.

You collected 143 gold pieces.


   Skills:
 - Level 1.5 Fighting
 + Level 7.8 Ranged Weapons
 - Level 2.4 Dodging
 - Level 1.2 Stealth


You had 3 spell levels left.
You didn't know any spells.
Your spell library was empty.

Inventory:

Hand Weapons
 Y - a +0 shortbow (weapon)
Armour
 e - a +0 ring mail (worn)
Jewellery
 d - a ring of wizardry
Scrolls
 b - 3 scrolls of identify
Potions
 c - a potion of degeneration {unknown}
 f - a potion of resistance {unknown}

Dungeon Overview and Level Annotations

Branches:
Dungeon (3/15)

Altars:
Ashenzari
Nemelex Xobeh
Trog

Shops:
D:1 (

Annotations:
D:3 3 runed translucent doors, qw's ghost, amateur DEHu


Message History

You shoot an arrow.
The arrow hits the orc but does no damage.
The orc closely misses you.
The orc hits you from afar with a +0 trident.
The frilled lizard barely misses you. The frilled lizard bites you.
The orc barely misses you. The orc misses you.
You shoot an arrow.
The arrow hits the orc but does no damage.
The ball python hisses angrily.
The orc misses you. The frilled lizard barely misses you.
The orc hits you from afar with a +0 trident.
You shoot an arrow. The arrow closely misses the orc.
The orc misses you. The orc closely misses you. The frilled lizard bites you.
You shoot an arrow. The arrow completely misses the orc.
The orc hits you but does no damage.
The orc hits you from afar with a +0 trident.
The frilled lizard closely misses you.
You shoot an arrow. The arrow completely misses the orc.
The orc closely misses you.
The orc hits you from afar with a +0 trident.
The frilled lizard misses you. The ball python closely misses you.
The ball python grabs you. The ball python constricts you.
You shoot an arrow. The arrow hits the ball python.
You kill the ball python!
The orc hits you with a +0 whip.
The frilled lizard bites you but does no damage.
The orc hits you but does no damage. The orc hits you with a +0 whip.
The orc misses you.
The frilled lizard bites you but does no damage.
1432 ||| READING scroll of teleportation.
As you read the scroll of teleportation, it crumbles to dust.
You feel strangely unstable. The orc barely misses you.
The frilled lizard bites you but does no damage.
The orc hits you but does no damage.
You shoot an arrow. The arrow hits the orc.
The orc is severely wounded.
The orc hits you with a +0 whip. The frilled lizard closely misses you.
The orc hits you from afar with a +0 trident!
You die...

#### ....#######
~~~~......#
....~~~~~.# #.
####..%.~.# #.~
#...###@~.#
.~.#.~~._#ol.#
.~.#.~...#)~o#
#.~.#.~...#.~.#.~#
##.~.#.~_%##.~.#.~o.#
#..~.#.~~~...~.# ~.##
#..~.#....~~~~.# ##
#..~.#####.....#
#..~......######.~


You could see 3 orcs and a frilled lizard.

Vanquished Creatures
  An adder (D:2)
  3 worms
  3 dart slugs
  3 orcs (D:3)
  5 ball pythons
  10 bats
  4 endoplasms
  4 giant cockroaches
  5 goblins
  5 hobgoblins
  2 jackals (D:3)
  7 kobolds
  4 quokkas
  5 frilled lizards
  5 rats
66 creatures vanquished.

Notes
Turn   | Place    | Note
-------+----------+-------------------------------------------
     0 | D:1      | qw the Deep Elf Hunter began the quest for the Orb.
     0 | D:1      | Reached XP level 1. HP: 12/12 MP: 3/3
     0 | D:1      | 0 ||| qw: Version: 0.3-a-9-g12657ce
     0 | D:1      | 0 ||| qw: Game counter: 4821
     0 | D:1      | 0 ||| qw: Always use a shield: true
     0 | D:1      | 0 ||| qw: God list: Okawaru
     0 | D:1      | 0 ||| qw: Allow faded altars: false
     0 | D:1      | 0 ||| qw: Do Orc after D:15 true
     0 | D:1      | 0 ||| qw: Do second Lair branch before Depths: true
     0 | D:1      | 0 ||| qw: Lair rune preference: random
     0 | D:1      | 0 ||| qw: Plans: Normal
     0 | D:1      | 0 ||| PLANNING D:1-11
    36 | D:1      | Found Obedeaqe's Weapon Boutique.
    52 | D:1      | Reached XP level 2. HP: 16/16 MP: 4/4
    58 | D:1      | Reached skill level 6 in Ranged Weapons
   366 | D:1      | Reached XP level 3. HP: 20/20 MP: 5/5
   516 | D:1      | 516 ||| READING scroll labelled DAIRHE KIGI.
   517 | D:1      | 517 ||| DROPPING scroll of butterflies.
   589 | D:2      | 589 ||| FLEEEEING.
   590 | D:2      | 590 ||| FLEEEEING.
   591 | D:2      | 591 ||| FLEEEEING.
   592 | D:2      | 592 ||| FLEEEEING.
   593 | D:2      | 593 ||| FLEEEEING.
   594 | D:2      | 594 ||| FLEEEEING.
   595 | D:2      | 595 ||| FLEEEEING.
   596 | D:2      | 596 ||| FLEEEEING.
   597 | D:2      | 597 ||| FLEEEEING.
   605 | D:2      | 605 ||| FLEEEEING.
   740 | D:2      | Reached skill level 7 in Ranged Weapons
   857 | D:2      | Found a sparkling altar of Nemelex Xobeh.
   943 | D:2      | Reached XP level 4. HP: 21/25 MP: 6/6
  1138 | D:2      | 1138 ||| UPGRADING to +0 ring mail.
  1148 | D:2      | 1148 ||| DROPPING +0 leather armour.
  1149 | D:2      | 1149 ||| READING 2 scrolls labelled RUHAV HIZXAI.
  1152 | D:2      | 1152 ||| DRINKING 2 orange potions.
  1153 | D:2      | 1153 ||| READING 2 scrolls of identify.
  1153 | D:2      | 1153 ||| IDENTIFYING bubbling cyan potion
  1154 | D:2      | 1154 ||| DROPPING potion of lignification.
  1155 | D:2      | 1155 ||| DROPPING potion of attraction.
  1202 | D:3      | Found a runed translucent gate.
  1202 | D:3      | Found a runed translucent gate.
  1202 | D:3      | Found a runed translucent gate.
  1202 | D:3      | Noticed qw's ghost (amateur DEHu)
  1278 | D:3      | 1278 ||| FLEEEEING.
  1410 | D:3      | Found a bloodstained altar of Trog.
  1412 | D:3      | Found a broken altar of Ashenzari.
  1431 | D:3      | HP: 6/25 [orc/+0 whip (3)]
  1432 | D:3      | 1432 ||| READING scroll of teleportation.
  1433 | D:3      | Slain by an orc

Levels and vault maps discovered:
D:1:      lemuel_arrival_behind_the_door_large, layout_basic, serial_shops, shop
D:2:      layout_loops_ring, basic_altar, chequers_serial_rivers_micro_c
D:3:      layout_rooms, nicolae_overflow_squiral, gammafunk_ghost_necromancy

Skill      XL: |  1  2  3 |
---------------+----------+-----
Ranged Weapons | 6 7 |  7.8
Fighting       | |  1.5
Dodging        | |  2.4
Stealth        | |  1.2

Action                     |  1- 3 |  4- 6 || total
---------------------------+-------+-------++-------
   Fire: Shortbow          |   117 |    47 ||   164
    Use: Scroll            |     1 |     3 ||     4
         Potion            |       |     1 ||     1
 Armour: Leather armour    |     8 |       ||     8
         Ring mail         |       |     6 ||     6
  Dodge: Dodged            |    16 |    16 ||    32

Table legend:
 A = Non-vault XP
 B = Vault XP
 C = Vault XP percentage of total XP
 D = Non-vault monster count
 E = Vault monster count
 F = Vault count percentage of total count
                 A         B        C        D         E       F
            +---------+---------+-------+---------+---------+-------
      Total |     136 |       0 |   0.0 |      66 |       0 |   0.0
            +---------+---------+-------+---------+---------+-------
        D:1 |      47 |       0 |   0.0 |      28 |       0 |   0.0
        D:2 |      54 |       0 |   0.0 |      23 |       0 |   0.0
        D:3 |      35 |       0 |   0.0 |      15 |       0 |   0.0
            +---------+---------+-------+---------+---------+-------
